 Dungeon Crawl Stone Soup version 0.25-a0-576-g50b708a4c4 (webtiles) character file.

Game seed: 8701337681420352624, levelgen mode: classic

4832 EnegeticOcto the Cleaver (level 10, 0/96 HPs)
             Began as a Deep Dwarf Fighter on Mar 1, 2020.
             Was a Priest of Makhleb.
             Slain by a starcursed mass (7 damage)
             ... on level 1 of the Abyss.
             The game lasted 00:04:21 (4122 turns).

EnegeticOcto the Cleaver (Deep Dwarf Fighter)       Turns: 4122, Time: 00:04:21

Health: 0/96       AC: 13    Str: 23    XL:     10   Next: 25%
Magic:  0/0        EV:  5    Int:  9    God:    Makhleb [***...]
Gold:   506        SH: 12    Dex: 12    Spells: 9/9 levels left

rFire    . . .     SeeInvis .   a - +0 war axe
rCold    . . .     Gourm    .   c - +1 kite shield
rNeg     . . .     Faith    .   s - +0 plate armour
rPois    +         Spirit   .   (no helmet)
rElec    .         Reflect  .   (no cloak)
rCorr    .         Harm     .   (no gloves)
MR       +....                  (no boots)
Stlth    ..........             v - amulet of the acrobat
HPRegen  0.00/turn              d - ring of poison resistance
MPRegen  0.07/turn              (no ring)

@: non-regenerating
A: damage resistance, heal wounds, sense surroundings 2, no regeneration
a: Heal Wounds, Minor Destruction, Lesser Servant of Makhleb, Renounce Religion


You were on level 1 of the Abyss.
You worshipped Makhleb.
Makhleb was most pleased with you.
You were not hungry.

You visited 2 branches of the dungeon, and saw 10 of its levels.
You visited the Abyss 1 time.

You collected 544 gold pieces.
You spent 38 gold pieces at shops.

Inventory:

Hand Weapons
 a - a +0 war axe (weapon)
Armour
 c - a +1 kite shield (worn)
 s - a +0 plate armour (worn)
Jewellery
 d - a ring of poison resistance (left hand)
 q - the ring "Wawkimipa" {Ice rPois rN+ Int+4}
   (You found it on level 6 of the Dungeon)

   [ring of ice]

   It enhances your ice magic.
   It affects your intelligence (+4).
   It makes you vulnerable to fire.
   It protects you from cold.
   It protects you from poison.
   It protects you from negative energy.
 v - an amulet of the acrobat (around neck)
Wands
 g - a wand of polymorph (9)
Scrolls
 h - 4 scrolls of teleportation {@r2}
 l - a scroll of magic mapping {@r5}
 p - 3 scrolls of remove curse {@r6}
 r - a scroll of immolation {@r4}
 t - 3 scrolls of identify {@r1}
 x - a scroll of enchant armour
 y - a scroll of blinking {@r3}
Potions
 f - a potion of invisibility {unknown}
 i - 3 potions of stabbing {unknown}
 j - 3 potions of curing {@q1}
 k - 3 potions of might {@q3}
 m - a potion of lignification {unknown}
 n - a potion of ambrosia
 o - 2 potions of berserk rage {unknown}
 u - a potion of haste {unknown}
 w - a potion of heal wounds {unknown}
Comestibles
 b - 5 chunks of flesh
 e - 9 rations


   Skills:
 * Level 7.7 Fighting
 * Level 8.9 Axes
 + Level 6.8 Armour
 + Level 6.8 Shields
 * Level 8.9 Invocations


You had 9 spell levels left.
You didn't know any spells.
Your spell library was empty.

Dungeon Overview and Level Annotations

Branches:
Dungeon (9/15)             Temple (1/1) D:4            Lair (0/6) D:9
    Orc: D:9-12

Altars:
Ashenzari
Cheibriados
Dithmenos
Elyvilon
Gozag
Hepliaklqana
Kikubaaqudgha
Makhleb
Nemelex Xobeh
Okawaru
Ru
Sif Muna
Trog
Uskayaw
Vehumet
Wu Jian
Xom
Yredelemnul
Zin
The Shining One

Shops:
D:4 ?   D:5 :   D:8 *:

Annotations:
D:5 2 transporters
D:9 Psyche


Innate Abilities, Weirdness & Mutations

You are resistant to damage.
You can heal yourself by infusing magical energy.
You passively map the area around you.
You do not regenerate.


Message History

The starcursed mass is heavily damaged.
You hit the starcursed mass but do no damage.
The starcursed mass engulfs you!
A starcursed mass splits.
A deafening chorus of shrieks assaults your mind!
You suddenly lose the ability to move!
The starcursed mass engulfs you but does no damage.
You can move again.
You are too injured to fight recklessly!
You are too injured to fight recklessly!
You are too injured to fight recklessly!
You are too injured to fight recklessly!
You are too injured to fight recklessly!
You are too injured to fight recklessly!
You are too injured to fight recklessly!
You are too injured to fight recklessly!
You are too injured to fight recklessly!
You are too injured to fight recklessly!
You are too injured to fight recklessly!
You are too injured to fight recklessly!
You fail to use your ability.
The starcursed mass engulfs you. The starcursed mass engulfs you!
* * * LOW HITPOINT WARNING * * *
A deafening chorus of shrieks assaults your mind!
* * * LOW HITPOINT WARNING * * *
You shrug off the repeated paralysis!
Your magical essence is drained by the effort!
You feel much better.
The starcursed mass engulfs you but does no damage.
A starcursed mass splits.
A deafening chorus of shrieks assaults your mind!
You are too injured to fight recklessly!
You are too injured to fight recklessly!
You are too injured to fight recklessly!
You are too injured to fight recklessly!
You are too injured to fight recklessly!
You are too injured to fight recklessly!
You are too injured to fight recklessly!
You don't have enough innate magic capacity.
You hit the starcursed mass but do no damage.
The starcursed mass is moderately damaged.
You hit the starcursed mass but do no damage.
You hit the starcursed mass.
The starcursed mass shudders and is absorbed by its neighbour.
The starcursed mass engulfs you!
* * * LOW HITPOINT WARNING * * *
A deafening chorus of shrieks assaults your mind!
* * * LOW HITPOINT WARNING * * *
The starcursed mass engulfs you.
* * * LOW HITPOINT WARNING * * *
You slash the starcursed mass!
The starcursed mass is severely damaged.
You slash the starcursed mass!
You destroy the starcursed mass!
Makhleb accepts your kill.
You feel better.
The starcursed mass shudders and is absorbed by its neighbour.
A starcursed mass splits.
A chorus of shrieks assaults your mind.
* * * LOW HITPOINT WARNING * * *
You hit the starcursed mass but do no damage.
The starcursed mass is moderately damaged.
You block the starcursed mass's attack.
A starcursed mass splits.
A wretched star comes into view.
You hit the starcursed mass.
The starcursed mass is heavily damaged.
The starcursed mass shudders and is absorbed by its neighbour.
You hit the starcursed mass.
The starcursed mass is severely damaged.
The starcursed mass shudders and is absorbed by its neighbour.
You hit the starcursed mass.
The starcursed mass is severely damaged.
The starcursed mass shudders and is absorbed by its neighbour.
A starcursed mass splits.
A chorus of shrieks assaults your mind.
* * * LOW HITPOINT WARNING * * *
The starcursed mass engulfs you but does no damage.
The starcursed mass engulfs you.
* * * LOW HITPOINT WARNING * * *
You hit the starcursed mass.
The starcursed mass is severely damaged.
Your plate armour prevents you from hitting the wretched star.
The starcursed mass shudders and is absorbed by its neighbour.
You hit the starcursed mass but do no damage.
A chorus of shrieks assaults your mind.
* * * LOW HITPOINT WARNING * * *
A starcursed mass splits.
The starcursed mass completely misses you.
You block the starcursed mass's attack.
A small abomination comes into view.
A chorus of shrieks assaults your mind.
You slash the starcursed mass!
The starcursed mass is almost destroyed.
You hit the starcursed mass but do no damage.
The starcursed mass shudders and is absorbed by its neighbour.
You slash the wretched star!
You hit the starcursed mass but do no damage.
A chorus of shrieks assaults your mind.
* * * LOW HITPOINT WARNING * * *
The starcursed mass engulfs you!
You die...

.#....#.##..#. . # #
#.##..# ..#.. .#
..#...#....#..# . ..
#..#.#.##....#.. .
## ....(..#.x... #
##.###....#..#.##...
........###..#.
.##.....*X..##
#.#..###@X.# ## .
##. .#.### . ..# .##
.. ## .## ##


You could see 2 starcursed masses, a wretched star and a small abomination.

Vanquished Creatures
  A large abomination (Abyss:1)
  Joseph (D:8)
  A hungry ghost (D:9)
  Menkaure (D:5)
  A water moccasin (D:8)
  An orc warrior (D:9)
  3 ice beasts
  A black bear (D:8)
  2 sky beasts
  A necrophage (D:7)
  3 phantoms
  3 ogres (D:5)
  A crocodile (D:9)
  3 centaurs
  A big kobold (D:9)
  4 bullfrogs
  Blork the orc (D:5)
  A gnoll sergeant (D:7)
  2 scorpions
  5 howler monkeys
  4 crimson imps
  6 hounds
  A starcursed mass (Abyss:1)
  10 orc wizards
  2 jellies (D:7)
  11 orc priests
  An iguana (D:7)
  3 worker ants
  A hound zombie (D:7)
  2 hound skeletons
  8 gnolls
  6 adders
  2 shadow imps (D:6)
  An ooze (D:2)
  An adder skeleton (D:4)
  5 worms
  A dart slug (D:2)
  4 leopard geckos
  29 orcs
  A ball python (D:2)
  2 bats
  3 giant cockroaches
  5 goblins
  2 hobgoblins
  9 jackals
  A quokka (D:9)
  2 frilled lizards (D:3)
  4 kobolds (D:2)
  A leopard gecko skeleton (D:4)
  A leopard gecko zombie (D:6)
  A rat (D:3)
167 creatures vanquished.

Vanquished Creatures (collateral kills)
  Maggie (D:9)
  A black bear (D:9)
2 creatures vanquished.

Vanquished Creatures (others)
  An orc wizard (D:6)
1 creature vanquished.

Grand Total: 170 creatures vanquished

Notes
Turn   | Place    | Note
-------+----------+-------------------------------------------
     0 | D:1      | EnegeticOcto the Deep Dwarf Fighter began the quest for the
                  | Orb.
     0 | D:1      | Reached XP level 1. HP: 20/20 MP: 1/1
    78 | D:2      | Reached XP level 2. HP: 25/27 MP: 2/2
   137 | D:2      | Reached XP level 3. HP: 18/34 MP: 3/3
   285 | D:3      | Noticed a phantom
   292 | D:3      | Reached XP level 4. HP: 41/42 MP: 4/4
   327 | D:3      | Killed a phantom
   327 | D:3      | Reached XP level 5. HP: 43/50 MP: 4/4
   493 | D:4      | Found a staircase to the Ecumenical Temple.
   508 | D:4      | Reached XP level 6. HP: 35/57 MP: 5/5
   548 | Temple   | Entered the Ecumenical Temple
   556 | Temple   | Became a worshipper of Makhleb the Destroyer
   593 | D:4      | Found a burning altar of Makhleb.
   634 | D:4      | Found Inupha's Magic Scroll Shoppe.
   641 | D:4      | Bought a scroll of magic mapping for 38 gold pieces
   971 | D:5      | Entered Level 5 of the Dungeon
  1046 | D:5      | Noticed Menkaure
  1053 | D:5      | Reached skill level 1 in Invocations
  1066 | D:5      | Killed Menkaure
  1066 | D:5      | Reached skill level 5 in Axes
  1066 | D:5      | Reached XP level 7. HP: 57/66 MP: 6/6
  1156 | D:5      | Noticed Blork the orc
  1157 | D:5      | Found Yposk's Book Boutique.
  1159 | D:5      | Found a transporter.
  1183 | D:5      | Killed Blork the orc
  1183 | D:5      | Reached skill level 5 in Fighting
  1365 | D:5      | Reached skill level 5 in Shields
  1456 | D:5      | Found a transporter.
  1462 | D:5      | Noticed a fire bat
  1517 | D:6      | Reached skill level 5 in Armour
  1534 | D:6      | Reached * piety under Makhleb
  1591 | D:6      | Reached XP level 8. HP: 45/74 MP: 8/8
  1863 | D:6      | Found an opulent altar of Gozag.
  2078 | D:6      | Got a glittering bone ring
  2122 | D:6      | Reached skill level 5 in Invocations
  2718 | D:7      | Gained mutation: You passively map the area around you.
                  | [Deep Dwarf growth]
  2718 | D:7      | Reached XP level 9. HP: 51/82 MP: 9/9
  2764 | D:7      | Reached ** piety under Makhleb
  3280 | D:8      | Found Maits's Book Shop.
  3284 | D:8      | Noticed Prince Ribbit
  3285 | D:8      | Identified the ring "Wawkimipa" {Ice rPois rN+ Int+4} (You
                  | found it on level 6 of the Dungeon)
  3389 | D:8      | Noticed Joseph
  3421 | D:8      | Killed Joseph
  3500 | D:8      | Noticed Prince Ribbit
  3500 | D:8      | Prince Ribbit changed into Prince Ribbit the golden eye
  3501 | D:8      | Noticed Prince Ribbit
  3501 | D:8      | Prince Ribbit the golden eye changed into Prince Ribbit the
                  | water moccasin
  3545 | D:8      | Found Diwkewn's General Store.
  3728 | D:8      | Found an ornate altar of the Wu Jian Council.
  3729 | D:8      | Found a white marble altar of Elyvilon.
  3779 | D:8      | Killed Prince Ribbit the water moccasin
  3868 | D:9      | Reached *** piety under Makhleb
  3869 | D:9      | Reached XP level 10. HP: 39/94 MP: 3/3
  3983 | D:9      | Found a staircase to the Lair.
  3986 | D:9      | Found a burning altar of Makhleb.
  3986 | D:9      | Noticed Maggie
  3997 | D:9      | Noticed Psyche
  3999 | D:9      | Killed Maggie
  4003 | D:9      | Cast into level 1 of the Abyss (Psyche)
  4034 | Abyss:1  | Found a roughly hewn altar of Beogh.
  4058 | Abyss:1  | Noticed a large abomination
  4082 | Abyss:1  | Killed a large abomination
  4095 | Abyss:1  | Noticed a starcursed mass
  4110 | Abyss:1  | Paralysed by accursed screaming for 1 turns
  4115 | Abyss:1  | Noticed a wretched star
  4122 | Abyss:1  | Slain by a starcursed mass

Levels and vault maps discovered:
D:1:      lightli_arrival_farm, layout_basic
D:2:      layout_rooms, grunt_temple_overflow_forces_of_nature
D:3:      layout_basic, minmay_misc_feat_chi, st_stairs_3
D:4:      layout_rooms, minmay_temple_entry_drinking_statues, serial_curves,
          eino_curves_01, eino_curves_03, serial_shops, shop, bloody_makhleb
D:5:      gammafunk_cloud_chamber, layout_rooms, first_ration, serial_shops,
          nicolae_shop_stone, grunt_ministairs_8, minivault_14,
          minmay_misc_feat_encased, uniq_blork_the_orc, uniq_menkaure
D:6:      layout_loops_ring, nicolae_gozag_cash_rules_everything_around_me
D:7:      layout_basic
D:8:      layout_rooms, gammafunk_temple_overflow_pools, serial_shops, shop,
          nicolae_shop_statue_plus, uniq_prince_ribbit1, uniq_joseph
D:9:      layout_basic, due_lair_maze_entry_diamond, orc_david_3, basic_altar,
          uniq_psyche, uniq_erica, uniq_maggie
Temple:   nicolae_temple_no_exploring_needed
Abyss:1:  base: D:4, lemuel_firewalk_3, evilmike_abyss_exit_vortex

Skill      XL: |  1  2  3  4  5  6  7  8  9 |
---------------+----------------------------+-----
Fighting       | 3 4 5 6 7 |  7.7
Axes           | 3 4 5 7 8 |  8.9
Armour         | 4 5 6 |  6.8
Shields        | 4 5 6 |  6.8
Invocations    | 2 4 6 8 |  8.9

Action                   |  1- 3 |  4- 6 |  7- 9 | 10-12 || total
-------------------------+-------+-------+-------+-------++-------
Melee: War axe           |    70 |   119 |   620 |    69 ||   878
Invok: Lesser Servant of |       |       |       |     2 ||     2
 Abil: Heal Wounds       |     1 |    12 |    42 |     8 ||    63
Evoke: Wand              |       |       |     4 |       ||     4
  Use: Scroll            |       |     4 |     5 |       ||     9
  Eat: Chunk             |       |     1 |    13 |       ||    14
       Ration            |       |       |     2 |       ||     2
Armor: Scale mail        |    45 |    67 |   262 |       ||   374
       Plate armour      |       |       |       |    31 ||    31
Dodge: Dodged            |    35 |    44 |   212 |    14 ||   305
Block: Kite shield       |    36 |    77 |   424 |    48 ||   585

Table legend:
 A = Non-vault XP
 B = Vault XP
 C = Vault XP percentage of total XP
 D = Non-vault monster count
 E = Vault monster count
 F = Vault count percentage of total count
                 A         B        C        D         E       F
            +---------+---------+-------+---------+---------+-------
      Total |    5234 |    1670 |  24.2 |     159 |      11 |   6.5
            +---------+---------+-------+---------+---------+-------
        D:1 |       7 |       0 |   0.0 |       3 |       0 |   0.0
        D:2 |      71 |       0 |   0.0 |      19 |       0 |   0.0
        D:3 |     161 |       0 |   0.0 |      13 |       0 |   0.0
        D:4 |     250 |       0 |   0.0 |      13 |       0 |   0.0
        D:5 |     473 |     391 |  45.3 |      12 |       3 |  20.0
        D:6 |     610 |       0 |   0.0 |      26 |       0 |   0.0
        D:7 |    2045 |       0 |   0.0 |      47 |       0 |   0.0
        D:8 |     639 |     592 |  48.1 |      15 |       2 |  11.8
        D:9 |     512 |     687 |  57.3 |       9 |       6 |  40.0
    Abyss:1 |     466 |       0 |   0.0 |       2 |       0 |   0.0
            +---------+---------+-------+---------+---------+-------
